 Dungeon Crawl Stone Soup version 0.19-a0-1511-g16f215b (webtiles) character file.

8562 AlphabetPasta the Frost Mage (level 11, -2/61 HPs)
             Began as a High Elf Ice Elementalist on Sept 11, 2016.
             Was a Priest of Vehumet.
             Slain by a two-headed ogre
             ... wielding a +0 giant club
              (17 damage)
             ... on level 10 of the Dungeon.
             The game lasted 01:21:25 (14312 turns).

AlphabetPasta the Frost Mage (HEIE)                Turns: 14312, Time: 01:21:26

Health: -2/61      AC:  5    Str:  7    XL:     11   Next: 11%
Magic:  17/25      EV: 13    Int: 23    God:    Vehumet [***...]
Gold:   429        SH:  0    Dex: 16    Spells: 8 memorised, 10 levels left

rFire  x . .     SeeInvis +     l - +5 shortbow of the Badger {speed, SInv}
rCold  + . .     Gourm    +     a - +0 robe
rNeg   . . .     Faith    .     (shield currently unavailable)
rPois  +         Spirit   .     (no helmet)
rElec  .         Dismiss  .     I - +0 cloak {MR+}
rCorr  .         Reflect  .     (no gloves)
MR     ++...     Harm     .     r - +1 pair of boots
Stlth  ++........               g - amulet of the gourmand
                                E - ring of ice
                                u - ring of poison resistance

@: no status effects
A: no striking features
a: Renounce Religion


You were on level 10 of the Dungeon.
You worshipped Vehumet.
Vehumet was most pleased with you.
You were completely stuffed.

You visited 2 branches of the dungeon, and saw 11 of its levels.
You also visited: Sewer.

You collected 429 gold pieces.

Inventory:

Hand Weapons
 e - a +0 short sword
 l - the +5 shortbow of the Badger (weapon) {speed, SInv}
   (You found it on level 4 of the Dungeon)

   Attacks with this weapon are significantly faster.
   It lets you see invisible.
 s - a +0 long sword
 v - a +0 quarterstaff
 F - a +0 falchion
Missiles
 j - 9 javelins
 n - 122 arrows (quivered)
Armour
 a - a +0 robe (worn)
 q - a +1 cloak
 r - a +1 pair of boots (worn)
 I - a +0 cloak of magic resistance (worn)
Jewellery
 g - an amulet of the gourmand (around neck)
 u - a ring of poison resistance (left hand)
 E - a ring of ice (right hand)
Wands
 i - a wand of acid (6/15)
 C - a wand of disintegration (7/24)
Scrolls
 f - 6 scrolls of remove curse
 k - a scroll of teleportation
 y - 2 scrolls of magic mapping
 A - a scroll of fear
 B - a scroll of enchant armour
 D - 3 scrolls of amnesia
 G - a scroll of recharging
 K - a scroll of blinking
 L - 2 scrolls of identify
Potions
 d - 5 potions of curing
 o - 3 potions of magic
 t - a potion of cancellation
 w - a potion of might
 x - 5 potions of brilliance
 z - a potion of cure mutation {unknown}
 H - a potion of beneficial mutation {unknown}
 J - a potion of flight {unknown}
 M - a potion of invisibility {unknown}
Books
 b - a book of Frost

   Spells                             Type                      Level
   a - Freeze                         Ice                          1
   b - Throw Frost                    Conjuration/Ice              2
   c - Ozocubu's Armour               Charms/Ice                   3
   d - Throw Icicle                   Conjuration/Ice              4
   e - Summon Ice Beast               Ice/Summoning                4
 N - a book of the Tempests

   Spells                             Type                      Level
   a - Static Discharge               Conjuration/Air              3
   b - Lightning Bolt                 Conjuration/Air              5
   c - Fireball                       Conjuration/Fire             5
   d - Tornado                        Air                          9
   e - Shatter                        Earth                        9
Comestibles
 c - 4 bread rations
 h - 3 royal jellies
 m - 4 meat rations
 p - 3 beef jerkies
 O - a slice of pizza
 P - 2 fruits
 Q - 4 chunks of flesh


   Skills:
 - Level 1.0 Long Blades
 - Level 4.1 Bows
 - Level 2.1 Dodging
 - Level 2.1 Stealth
 + Level 9.9 Spellcasting
 + Level 6.3 Conjurations
 - Level 4.0 Charms
 - Level 3.0 Summonings
 + Level 2.1 Fire Magic
 + Level 12.2 Ice Magic


You had 10 spell levels left.
You knew the following spells:

 Your Spells              Type           Power        Failure   Level  Hunger
a - Freeze                Ice            ####         1%          1    None
b - Throw Frost           Conj/Ice       ######       1%          2    None
c - Ozocubu's Armour      Chrm/Ice       ######..     1%          3    None
d - Throw Icicle          Conj/Ice       ######..     1%          4    ##.....
e - Summon Ice Beast      Ice/Summ       ######..     2%          4    ##.....
f - Magic Dart            Conj           ####         1%          1    None
g - Flame Tongue          Conj/Fire      ####.        1%          1    None
h - Conjure Flame         Conj/Fire      ####....     1%          3    None


Dungeon Overview and Level Annotations

Branches:
Dungeon (10/15)            Temple (1/1) D:6            Lair (0/6) D:8
    Orc: D:9-12

Altars:
Ashenzari
Cheibriados
Dithmenos
Elyvilon
Fedhas
Gozag
Hepliaklqana
Kikubaaqudgha
Makhleb
Nemelex Xobeh
Okawaru
Qazlal
Ru
Sif Muna
Trog
Uskayaw
Vehumet
Xom
Yredelemnul
Zin
The Shining One


Message History

Casting: Freeze
Confirm with . or Enter, or press ? or * to list all spells.
Aiming: Freeze
Press: ? - help, Shift-Dir - straight line, f/p - two-headed ogre
Aim: a two-headed ogre, wielding two giant clubs (severely wounded)
You feel a surge of power!
You freeze the two-headed ogre.
The two-headed ogre is almost dead.
The two-headed ogre barely misses you.
The two-headed ogre hits you with a giant club!
Casting: Freeze
Confirm with . or Enter, or press ? or * to list all spells.
Aiming: Freeze
Press: ? - help, Shift-Dir - straight line, f/p - two-headed ogre
Aim: a two-headed ogre, wielding two giant clubs (almost dead)
You feel a surge of power!
You freeze the two-headed ogre.
The two-headed ogre is almost dead.
The two-headed ogre hits you with a giant club!
* * * LOW HITPOINT WARNING * * *
The two-headed ogre hits you with a giant club!
You die...

##### ##### ....# ##...##
###'## #.÷...# #....# ##.##.#
#....# #.###.# .....#
##.##..### #....# #@###....#
.....# #.O%####.### .....#
#÷§.##.....#
(....###########÷%%###....####
..............#######.........
...........#########.........#
..#..#####.# #..........##.#
####.# #.# #....<.....##.# #.#
#.#####..............


You could see a two-headed ogre.

Vanquished Creatures
  Erica (D:8)
  Pikel (D:6)
  An ugly thing (D:10)
  Joseph (D:7)
  2 trolls
  A two-headed ogre (D:9)
  A vampire (D:9)
  A hippogriff (D:9)
  A hungry ghost (D:8)
  A steam dragon (D:6)
  A water moccasin (D:8)
  Duvessa (D:7)
  7 orc warriors
  A wasp (D:6)
  4 slaves (D:5)
  3 sky beasts
  2 black bears (D:9)
  An ice beast (D:7)
  2 ogres
  4 phantoms
  3 centaurs
  4 giant frogs
  A gnoll sergeant (D:7)
  Dowan (D:7)
  A scorpion (D:9)
  8 killer bees
  5 wights
  3 electric eels (D:8)
  3 howler monkeys
  4 crimson imps
  2 giant frog zombies
  2 quasits
  10 hounds
  A jelly (D:5)
  6 orc priests
  A giant frog skeleton (D:5)
  8 orc wizards
  Crazy Yiuf (D:7)
  A centaur skeleton (D:4)
  Jessica (D:3)
  4 iguanas
  5 worker ants
  A killer bee zombie (D:6)
  A howler monkey zombie (D:5)
  A worker ant zombie (D:8)
  14 gnolls
  16 adders
  5 river rats (Sewer)
  2 shadow imps (D:8)
  An ooze (D:2)
  An adder zombie (D:8)
  7 worms
  16 giant geckos
  33 orcs
  4 ball pythons
  9 giant cockroaches
  10 goblins
  10 hobgoblins
  15 jackals
  3 quokkas
  3 bats
  11 giant newts
  11 kobolds
  A quokka skeleton (D:5)
  21 rats
308 creatures vanquished.

Vanquished Creatures (collateral kills)
  An ice beast (D:10)
  A killer bee (D:9)
  3 wights
  An orc wizard (D:8)
  A worker ant (D:10)
  A worker ant zombie (D:8)
  An adder (D:7)
9 creatures vanquished.

Grand Total: 317 creatures vanquished

Notes
Turn   | Place    | Note
-------+----------+-------------------------------------------
     0 | D:1      | AlphabetPasta the High Elf Ice Elementalist began the quest for the Orb.
     0 | D:1      | Reached XP level 1. HP: 11/11 MP: 4/4
   196 | D:1      | Reached XP level 2. HP: 17/17 MP: 3/6
   200 | D:1      | Learned a level 2 spell: Throw Frost
   643 | D:1      | Reached XP level 3. HP: 21/21 MP: 8/8
   648 | D:1      | Learned a level 3 spell: Ozocubu's Armour
  1127 | D:2      | Reached skill level 4 in Ice Magic
  1356 | D:2      | Reached XP level 4. HP: 27/27 MP: 3/10
  1362 | D:2      | Learned a level 4 spell: Throw Icicle
  1967 | D:2      | Reached skill level 1 in Charms
  2144 | D:2      | Found a white marble altar of Elyvilon.
  2161 | D:2      | Reached XP level 5. HP: 27/31 MP: 0/12
  2463 | D:3      | Noticed Jessica
  2465 | D:3      | Killed Jessica
  2509 | D:3      | Reached skill level 5 in Ice Magic
  2974 | D:3      | Noticed a phantom
  3483 | D:3      | Found a sacrificial altar of Ru.
  3634 | D:4      | Reached XP level 6. HP: 36/36 MP: 10/13
  3643 | D:4      | Got a jewelled shortbow
  3646 | D:4      | Identified the +5 shortbow of the Badger {speed, SInv} (You found it on level 4 of the Dungeon)
  3652 | D:4      | Learned a level 4 spell: Throw Icicle
  3684 | D:4      | Reached skill level 1 in Long Blades
  4353 | D:4      | Reached skill level 1 in Bows
  4485 | D:5      | Entered Level 5 of the Dungeon
  4512 | D:5      | Reached skill level 6 in Ice Magic
  4677 | D:5      | Reached XP level 7. HP: 41/41 MP: 9/15
  4824 | D:5      | Reached skill level 5 in Spellcasting
  4846 | D:5      | Found a glowing drain.
  4861 | Sewer    | Entered a sewer
  5730 | D:5      | Learned a level 4 spell: Summon Ice Beast
  6367 | D:5      | Found a blossoming altar of Fedhas.
  6533 | D:5      | Reached skill level 1 in Summonings
  6980 | D:6      | Reached skill level 7 in Ice Magic
  7295 | D:6      | Found a staircase to the Ecumenical Temple.
  7299 | Temple   | Entered the Ecumenical Temple
  7343 | Temple   | Became a worshipper of Vehumet
  7811 | D:6      | Noticed Pikel
  7819 | D:6      | Killed Pikel
  7819 | D:6      | Reached skill level 8 in Ice Magic
  7819 | D:6      | Reached XP level 8. HP: 34/46 MP: 11/18
  8281 | D:7      | Noticed Dowan
  8477 | D:7      | Killed Dowan
  8506 | D:7      | Noticed Duvessa
  8565 | D:7      | Reached XP level 9. HP: 29/51 MP: 7/20
  8756 | D:7      | Reached skill level 9 in Ice Magic
  9157 | D:7      | Found an iron altar of Okawaru.
  9202 | D:7      | Noticed Joseph
  9245 | D:7      | HP: 2/51 [Joseph/sling bullet (8)]
  9251 | D:7      | Killed Joseph
  9544 | D:7      | Killed Duvessa
  9673 | D:7      | Reached * piety under Vehumet
  9673 | D:7      | Offered knowledge of Magic Dart by Vehumet.
  9679 | D:7      | Learned a level 1 spell: Magic Dart
  9683 | D:7      | Found a glowing golden altar of the Shining One.
  9782 | D:7      | Reached skill level 10 in Ice Magic
  9934 | D:7      | Found a runed door.
  9938 | D:7      | Noticed Crazy Yiuf
  9940 | D:7      | Killed Crazy Yiuf
 10316 | D:8      | Noticed a troll
 10507 | D:8      | Noticed Erica
 10513 | D:8      | Killed Erica
 10513 | D:8      | Reached XP level 10. HP: 56/56 MP: 1/23
 11156 | D:8      | Reached skill level 11 in Ice Magic
 11165 | D:8      | Reached skill level 5 in Conjurations
 11557 | D:8      | Found a staircase to the Lair.
 11587 | D:8      | Found a shimmering altar of Xom.
 11738 | D:8      | Found a bloodstained altar of Trog.
 11739 | D:8      | Found a burning altar of Makhleb.
 11748 | D:8      | Offered knowledge of Flame Tongue by Vehumet.
 11751 | D:8      | Learned a level 1 spell: Flame Tongue
 11807 | D:8      | Reached ** piety under Vehumet
 12338 | D:9      | Offered knowledge of Conjure Flame by Vehumet.
 12771 | D:9      | Reached skill level 12 in Ice Magic
 12785 | D:9      | Learned a level 3 spell: Conjure Flame
 12881 | D:9      | Reached *** piety under Vehumet
 13017 | D:9      | Reached skill level 1 in Fire Magic
 13298 | D:9      | Reached XP level 11. HP: 20/61 MP: 18/25
 13840 | D:10     | Entered Level 10 of the Dungeon
 13869 | D:10     | Noticed a white ugly thing
 13874 | D:10     | Killed a white ugly thing
 14194 | D:10     | Offered knowledge of Inner Flame by Vehumet.
 14312 | D:10     | Slain by a two-headed ogre

Vault maps used:
D:1:      sevenhm_arrival_forest_fort_small_6, bh_walls_and_bars
D:2:      elyvilon_altar_5
D:3:      minmay_diamond_boxcup, nicolae_ru_the_path_less_chosen, uniq_jessica
D:4:      first_bread
D:5:      gup_sewer_entry_pipe, roderic_serpentine_path, minmay_hedge_maze,
          fedhas_altar_2, uniq_pikel
D:7:      lemuel_ice_spiral_2, lemuel_round_altar, tso_altar,
          uniq_crazy_yiuf_cottage, uniq_duvessa, uniq_joseph
D:8:      nicolae_overflow_hidden_temple, erik_lair_island, basic_altar,
          uniq_erica
D:10:     grunt_ogre_cave, kennysheep_cross_bottleneck
Temple:   regret_index_temple_sphere_string
Sewer:    sewer_co_cracked_pipes

Skill      XL: |  1  2  3  4  5  6  7  8  9 10 11 |
---------------+----------------------------------+-----
Spellcasting   | 3 4 6 7 8 9 |  9.9
Ice Magic      | 4 5 6 8 10 12 | 12.2
Charms         | 1 2 4 |  4.0
Conjurations   | 2 4 6 |  6.3
Long Blades    | 1 |  1.0
Bows           | 1 3 4 |  4.1
Summonings     | 2 3 |  3.0
Fire Magic     | 1 2 |  2.1
Dodging        | |  2.1
Stealth        | |  2.1

Action                   |  1- 3 |  4- 6 |  7- 9 | 10-12 || total
-------------------------+-------+-------+-------+-------++-------
Melee: Unarmed           |    11 |       |       |       ||    11
       Short sword       |    13 |     2 |       |       ||    15
       Long sword        |       |     7 |       |       ||     7
 Fire: Shortbow          |       |    31 |    90 |   166 ||   287
 Cast: Freeze            |    44 |    88 |   130 |    81 ||   343
       Throw Frost       |     9 |    52 |   129 |   110 ||   300
       Summon Ice Beast  |       |       |     2 |    14 ||    16
       Throw Icicle      |       |       |    18 |    18 ||    36
       Magic Dart        |       |       |    10 |    49 ||    59
Evoke: Wand              |       |       |     2 |       ||     2
  Use: Scroll            |       |    10 |     7 |     4 ||    21
       Potion            |       |       |     5 |     3 ||     8
 Stab: Sleeping          |     1 |     1 |       |       ||     2
       Distracted        |       |     1 |       |       ||     1
  Eat: Chunk             |     2 |    12 |    27 |    22 ||    63
       Beef jerky        |       |       |       |     1 ||     1
Armor: Robe              |     6 |     7 |    27 |    16 ||    56
Dodge: Dodged            |    33 |    40 |   101 |    98 ||   272
